cohdb
Replays
Latest Replays
All Replays
Popular Replays
Top Player Replays
Match Explorer
How It Works
Community
CoH3 Stats
Reddit
Sign in to upload your games and track your stats! →
Sign in with Steam
Match 44529676
Unlisted
Match 44529676
Overview
Messages
Build Orders
End
Kradschützen Motorcycle Team
Selects Italian Combined Arms Battlegroup
Selects Bersaglieri Squad
Bersaglieri Squad
Bersaglieri Squad
Construct Light Support Kompanie
Bersaglieri Squad
Selects Bersaglieri Bolster
2.5-tonne Medical Truck
Fire Support Elements
Panzerjäger Mechanized Group
Selects Breda Model 30 Light Machine Guns
Flakvierling Half-track
Pak 38 Anti-tank Gun Team
Veteran Squad Leaders
Panzerjäger Mechanized Group
Selects Semovente da 75/18 Assault Gun
Selects Strafing Run
Construct Panzerarmee Kommand
Selects Artillery Cover
Artillery Cover
Armored Reserves
Tiger Heavy Tank
Panzerpioneer Squad
SMOKO
阿波罗
soda soda
Mr.Wu
杨司令
JT
HackerBlack_Sunday
asfgdfgs
0
0
Comments
sign in to comment!
No comments posted yet!